 Dungeon Crawl Stone Soup version 0.27-a0-1278-g6cbc8dfb29 (webtiles) character file.

Game seed: 7086167138387906686

662 sanka the Skirmisher (level 7, -1/57 HPs)
             Began as a Djinni Artificer on June 12, 2021.
             Slain by an orc warrior (9 damage)
             ... on level 5 of the Dungeon.
             The game lasted 00:07:47 (5706 turns).

sanka the Skirmisher (Djinni Artificer)             Turns: 5706, Time: 00:07:48

Health: -1/57      AC:  7    Str: 11    XL:     7   Next: 87%
Gold:   212        EV: 12    Int: 15    God:
                   SH:  0    Dex: 13

rFire    + + .     SeeInvis .   w - +0 morningstar
rCold    x . .     Faith    .   (no shield)
rNeg     . . .     Spirit   .   b - +0 leather armour
rPois    ∞         Reflect  .   (no helmet)
rElec    .         Harm     .   (no cloak)
rCorr    .         Rampage  .   (no gloves)
Will     .....                  (boots unavailable)
Stlth    +.........             (no amulet)
HPRegen  0.19/turn              (no ring)
MPRegen  0.00/turn              j - +4 ring of protection

@: flying
A: sickness immunity, fire resistance 2, cold vulnerability 1, float, innate
caster, hp casting, extra vitality 1
a: no special abilities


You were on level 5 of the Dungeon.
You visited 1 branch of the dungeon, and saw 5 of its levels.

You collected 212 gold pieces.


Innate Abilities, Weirdness & Mutations

You are immune to sickness and miasma.
You are immune to poison.
Your flesh is very heat resistant. (rF++)
You are vulnerable to cold. (rC-)
You float through the air rather than walking.
You learn spells naturally, not from books.
Your magical power is your life essence.
You have superior vitality. (+4 HP)


   Skills:
 + Level 6.8 Fighting
 - Level 1.0 Armour
 + Level 3.8 Dodging
 - Level 0.7 Stealth
 + Level 1.9 Spellcasting
 - Level 3.0 Evocations


You had 3 spell levels left.
You knew the following spells:

 Your Spells              Type           Power      Damage    Failure   Level
c - Mephitic Cloud        Conj/Pois/Air  7%         N/A       36%         3
y - Corpse Rot            Necr/Air       N/A        N/A       21%         2
Z - Corona                Hex            7%         N/A       13%         1
Your spell library was empty.

Inventory:

Hand Weapons
 r - a +0 long sword
 w - a +0 morningstar (weapon)
Missiles
 a - a throwing net {=f}
 l - 8 boomerangs
Armour
 b - a +0 leather armour (worn)
 q - a +0 ring mail
Magical Staves
 x - a staff of air
Jewellery
 j - a +4 ring of protection (right hand)
Wands
 d - a wand of charming (15)
 y - a wand of polymorph (6)
Scrolls
 h - a scroll of noise {unknown}
 i - 2 scrolls of teleportation {@r4}
 k - a scroll of fear {unknown}
 m - a scroll of fog {unknown}
 o - a scroll of enchant weapon {unknown}
 u - 2 scrolls of vulnerability {unknown}
 v - a scroll of silence {unknown}
Potions
 f - 2 potions of lignification {unknown}
 g - 4 potions of curing {unknown}
 n - 4 potions of flight {unknown}
 p - 2 potions of mutation {unknown}
 s - a potion of brilliance {unknown}
 t - a potion of degeneration {unknown}
 z - a potion of might {unknown}
Miscellaneous
 e - a piece from Xom's chessboard (15/15)

Dungeon Overview and Level Annotations

Branches:
Dungeon (5/15)
 Temple: D:4-7

Altars:
Gozag

Shops:
D:4 *

Annotations:
D:4 1 runed translucent door, Nosferatu13666's ghost, amateur GrGl
D:5 1 transporter

........▒ . ........▒
.▒ ....o...▒▒.▒
...o....(.. .o.o.....▒
▒▒▒▒▒▒▒..▒ .......o.▒
..▒▒▒▒▒▒▒▒▒▒..▒▒▒▒.▒
.....(....Roo......▒
........▒▒▒▒▒▒▒.▒▒..
...▒▒▒▒...▒▒▒...▒
......... ▒▒▒...▒.▒ ▒
........ ▒▒▒▒▒[..▒
▒▒......... ..▒.......▒
▒... ......
..........▒▒▒.▒▒▒▒.▒.▒
▒▒▒.............▒▒...▒▒
................▒......


You could see an orc warrior and an orc.


Message History

Unknown command.
You hit the orc warrior.
The orc warrior is heavily wounded.
The orc warrior hits you with a +0 scimitar!
The orc warrior hits you with a +0 scimitar!
Unknown command.
Your leather armour prevents you from hitting the orc warrior.
The orc warrior is heavily wounded.
The orc warrior hits you with a +0 scimitar.
Unknown command.
You hit the orc warrior.
The orc warrior is severely wounded.
The orc warrior closely misses you. The orc warrior misses you.
You barely miss the orc warrior.
The orc warrior is severely wounded.
The orc warrior hits you with a +0 scimitar!
* * * LOW HITPOINT WARNING * * *
Unknown command.
You hit the orc warrior but do no damage.
The orc warrior is severely wounded.
The orc warrior hits you with a +0 scimitar!
* * * LOW HITPOINT WARNING * * *
The orc warrior closely misses you.
Unknown command.
Unknown command.
You closely miss the orc warrior.
The orc warrior is severely wounded.
The orc warrior hits you with a +0 scimitar!
You die...

Action                   |  1- 3 |  4- 6 |  7- 9 || total
-------------------------+-------+-------+-------++-------
Melee: Club              |    24 |       |       ||    24
       Short sword       |    90 |       |       ||    90
       Falchion          |    46 |    51 |       ||    97
       Long sword        |       |   181 |       ||   181
       Morningstar       |       |     6 |    26 ||    32
Evoke: Wand              |       |     6 |     9 ||    15
  Use: Scroll            |       |     1 |       ||     1
Armor: Leather armour    |    15 |    13 |     6 ||    34
       Chain mail        |    99 |     3 |       ||   102
       Ring mail         |       |   101 |       ||   101
Dodge: Dodged            |    82 |   149 |    17 ||   248
       Rpst.: Falchion   |     4 |     5 |       ||     9
       Long sword        |       |    40 |       ||    40

Levels and vault maps discovered:
D:1:      arrival_aquarium_b, layout_loops_ring,
          hellmonk_ecumenical_altar_inner_sanctum, minmay_misc_feat_nine_boxes,
          kennysheep_flooded_box
D:2:      layout_loops_ring, uniq_crazy_yiuf_cottage
D:3:      layout_basic, serial_bayou_lake_a
D:4:      layout_loops_ring, ebering_ghost_sewer_d, solitary_fountain,
          hangedman_feature_mirror, hangedman_glass_teeth, minmay_shop_damaged,
          nicolae_zen_rock_garden, kennysheep_generic_room_10
D:5:      gammafunk_steamed_eel, layout_rooms, grunt_gozag_statues,
          nicolae_overflow_crystal_walls, general_overflow_altar, uniq_menkaure,
          uniq_sigmund

Notes
Turn   | Place    | Note
-------+----------+-------------------------------------------
     0 | D:1      | sanka the Djinni Artificer began the quest for the Orb.
     0 | D:1      | Reached XP level 1. HP: 17/17 MP: 0/0
     3 | D:1      | Noticed an electric eel
     4 | D:1      | Noticed an electric eel
   308 | D:1      | Reached skill level 2 in Fighting
   308 | D:1      | Reached XP level 2. HP: 8/23 MP: 0/0
   530 | D:1      | Found a faded altar of an unknown god.
  1512 | D:2      | Reached XP level 3. HP: 29/29 MP: 0/0
  1512 | D:2      | Learned a level 1 spell: Corona
  1698 | D:2      | Reached skill level 3 in Fighting
  2283 | D:2      | Reached XP level 4. HP: 21/35 MP: 0/0
  2825 | D:3      | Reached skill level 4 in Fighting
  3021 | D:3      | Reached XP level 5. HP: 42/42 MP: 0/0
  3021 | D:3      | Learned a level 2 spell: Corpse Rot
  3718 | D:4      | Reached skill level 5 in Fighting
  3839 | D:4      | Reached XP level 6. HP: 30/49 MP: 0/0
  4234 | D:4      | Reached skill level 6 in Fighting
  4487 | D:4      | Found a runed translucent door.
  4503 | D:4      | Noticed Nosferatu13666's ghost (amateur GrGl)
  4849 | D:4      | Found Diylirhu's Lightly-Used Armoury.
  4885 | D:4      | Reached XP level 7. HP: 48/57 MP: 0/0
  4885 | D:4      | Learned a level 3 spell: Mephitic Cloud
  5370 | D:5      | Entered Level 5 of the Dungeon
  5370 | D:5      | Found a transporter.
  5384 | D:5      | Reached skill level 3 in Dodging
  5384 | D:5      | Reached skill level 1 in Spellcasting
  5488 | D:5      | Found an opulent altar of Gozag.
  5488 | D:5      | Noticed Menkaure
  5494 | D:5      | Killed Menkaure
  5706 | D:5      | Slain by an orc warrior

Vanquished Creatures
  Menkaure (D:5)
  An ogre (D:5)
  3 scorpions
  2 hounds (D:4)
  An iguana (D:4)
  2 orc wizards
  4 adders
  An adder skeleton (D:5)
  2 worms
  2 dart slugs
  10 orcs
  4 bats
  3 endoplasms
  A giant cockroach (D:3)
  14 goblins
  10 hobgoblins
  8 jackals
  2 quokkas
  8 ball pythons
  5 frilled lizards
  5 kobolds
  2 rats (D:1)
91 creatures vanquished.

Vanquished Creatures (others)
  6 plants (D:3)
6 creatures vanquished.

Grand Total: 97 creatures vanquished
